 Dungeon Crawl Stone Soup version 0.27.1-1-g398f81649c (webtiles) character file.

Game seed: 9645476575419529214

44 r3algoood the Magician (level 3, -2/19 HPs)
             Began as a Deep Elf Hedge Wizard on Sept 6, 2021.
             Slain by a worm (6 damage)
             ... on level 2 of the Dungeon.
             The game lasted 00:04:51 (2024 turns).

r3algoood the Magician (Deep Elf Hedge Wizard)      Turns: 2024, Time: 00:04:51

Health: -2/19      AC:  2    Str:  7    XL:     3   Next: 41%
Magic:  0/11       EV: 12    Int: 19    God:
Gold:   64         SH:  0    Dex: 14    Spells: 4/12 levels left

rFire    . . .     SeeInvis .   e - +1 whip (holy)
rCold    . . .     Faith    .   (no shield)
rNeg     . . .     Spirit   .   b - +0 robe
rPois    .         Reflect  .   c - +0 hat
rElec    .         Harm     .   (no cloak)
rCorr    .         Rampage  .   (no gloves)
Will     .....                  (no boots)
Stlth    ++........             (no amulet)
HPRegen  0.06/turn              (no ring)
MPRegen  0.12/turn              (no ring)

@: no status effects
A: no striking features
a: no special abilities


You were on level 2 of the Dungeon.
You visited 1 branch of the dungeon, and saw 2 of its levels.

You collected 64 gold pieces.

Inventory:

Hand Weapons
 e - a +1 whip of holy wrath (weapon)
 j - a +4 hunting sling
Armour
 b - a +0 robe (worn)
 c - a +0 hat (worn)
Jewellery
 g - an amulet of magic regeneration
Scrolls
 f - 2 scrolls of magic mapping {unknown}
 h - a scroll of identify {unknown}
Potions
 d - a potion of berserk rage {unknown}
 i - a potion of flight {unknown}


   Skills:
 - Level 2.4 Dodging
 + Level 2.9 Stealth
 * Level 5.1 Spellcasting
 + Level 1.7 Conjurations
 + Level 1.7 Summonings
 + Level 1.5 Translocations
 + Level 0.2 Air Magic
 + Level 0.1 Poison Magic


You had 4 spell levels left.
You knew the following spells:

 Your Spells              Type           Power      Damage    Failure   Level
a - Magic Dart            Conj           44%        1d5       6%          1
b - Blink                 Tloc           N/A        N/A       10%         2
c - Call Imp              Summ           11%        N/A       9%          2
d - Mephitic Cloud        Conj/Pois/Air  7%         N/A       26%         3

Your spell library contained the following spells:

 Spells                   Type           Power      Damage    Failure   Level
 Slow                     Hex            4%         N/A       19%         2
 Conjure Flame            Conj/Fire      8%         6-21      26%         3


Dungeon Overview and Level Annotations

Branches:
Dungeon (2/15)

Altars:


Message History

The worm is severely wounded.
The worm closely misses you.
Casting: Magic Dart (safe; 6% risk of failure)
Confirm with . or Enter, or press ? or * to list all spells.
Aiming: Magic Dart (safe; 6% risk of failure)
Press: ? - help, Shift-Dir - straight line, f/p - worm
Aim: a worm (heavily wounded, 100% to hit)
The magic dart hits the worm.
The worm is severely wounded.
Found a scroll labelled KUKHO UMIS.
Casting: Magic Dart (safe; 6% risk of failure)
Confirm with . or Enter, or press ? or * to list all spells.
Aiming: Magic Dart (safe; 6% risk of failure)
Press: ? - help, Shift-Dir - straight line, f/p - worm
Aim: a worm (heavily wounded, 100% to hit)
The magic dart hits the worm.
The worm is moderately wounded.
You barely miss the worm.
The worm is lightly wounded.
The worm barely misses you.
You hit the worm.
The worm is heavily wounded.
The worm barely misses you. The worm misses you.
Casting: Magic Dart (safe; 6% risk of failure)
Confirm with . or Enter, or press ? or * to list all spells.
Aiming: Magic Dart (safe; 6% risk of failure)
Press: ? - help, Shift-Dir - straight line, f/p - worm
Aim: a worm (heavily wounded, 100% to hit)
The magic dart hits the worm.
The worm is severely wounded.
The worm bites you.
* * * LOW HITPOINT WARNING * * *
Unknown command.
Casting: Magic Dart (safe; 6% risk of failure)
Confirm with . or Enter, or press ? or * to list all spells.
You don't have enough magic to cast this spell.
Unknown command.
The worm misses you. The worm bites you.
You die...

##.? #..♣♣♣ ##....
...# ..# #.... #.g#
###.# ...♣♣ .... !...
#...♣
...#######.#####w♣.♣
...............w@.♣
#......###....##.♣.♣
.......###....##....♣
..........>...##.#♣...
#............###.#
#.## ##.###.#####.#
#.# .# #.###.### ..#
#.# # #.....(..#...
#.# #.#....#+#..#.


You could see 2 worms.

Vanquished Creatures
  2 dart slugs (D:1)
  A bat (D:1)
  An endoplasm (D:1)
  3 giant cockroaches (D:1)
  6 goblins (D:1)
  4 hobgoblins
  3 quokkas (D:1)
  2 ball pythons (D:1)
  3 frilled lizards (D:1)
  8 kobolds
  A rat (D:1)
34 creatures vanquished.

Notes
Turn   | Place    | Note
-------+----------+-------------------------------------------
     0 | D:1      | r3algoood the Deep Elf Hedge Wizard began the quest for the
                  | Orb.
     0 | D:1      | Reached XP level 1. HP: 10/10 MP: 7/7
   227 | D:1      | Reached XP level 2. HP: 15/15 MP: 3/9
   807 | D:1      | Reached skill level 5 in Spellcasting
   873 | D:1      | Reached XP level 3. HP: 12/19 MP: 4/11
  1312 | D:1      | Learned a level 2 spell: Blink
  1315 | D:1      | Learned a level 2 spell: Call Imp
  1319 | D:1      | Learned a level 3 spell: Mephitic Cloud
  2024 | D:2      | Slain by a worm

Illustrated notes

Levels and vault maps discovered:
D:1:      tarquinn_simple_flora_water_b, layout_rooms
D:2:      layout_basic, chequers_ecumenical_altar_grove,
          hangedman_decor_diamond_cutter, minivault_5, hangedman_decor_growths

Skill      XL: |  1  2 |
---------------+-------+-----
Spellcasting   | 5 |  5.1
Dodging        | |  2.4
Stealth        | |  2.9
Conjurations   | |  1.7
Summonings     | |  1.7
Translocations | |  1.5
Air Magic      | |  0.2
Poison Magic   | |  0.1

Action                   || total
-------------------------++-------
Melee: Whip              ||    26
       Dagger            ||     1
 Cast: Magic Dart        ||   100
Armor: Robe              ||     4
Dodge: Dodged            ||    24
